 Dungeon Crawl Stone Soup version 0.31-a0-940-gdaa99269f9 (webtiles) character file.

Game seed: 1642226019149420625

1077 omnomnOMINOUS the Conjurer (level 8, -1/54 HPs)
             Began as an Octopode Wanderer on Oct 20, 2023.
             Was an Initiate of Hepliaklqana.
             Engulfed by a steam dragon's steam (11 damage)
             ... on level 6 of the Dungeon.
             The game lasted 00:13:45 (5747 turns).

omnomnOMINOUS the Conjurer (Octopode Wanderer)      Turns: 5747, Time: 00:13:45

Health: -1/54      AC:  1    Str: 14    XL:     8   Next: 29%
Magic:  4/11       EV: 14    Int: 19    God:    Hepliaklqana [......]
Gold:   274        SH:  0    Dex: 12    Spells: 6/11 levels left

rFire   . . .        a - +2 dagger (speed)
rCold   . . .        (no shield)
rNeg    . . .        c - +0 hat
rPois   .            (no amulet)
rElec   .            o - +6 ring of strength
rCorr   .            (no ring)
SInv    .            (no ring)
Will    .....        (no ring)
Stlth   +++          (no ring)
HPRegen 0.29/turn    (no ring)
MPRegen 0.12/turn    (no ring)
                     (no ring)

%: no passive effects
@: about to teleport
A: almost no armour, amphibious, 8 rings, camouflage 1, gelatinous body 1,
(nimble swimmer 1), tentacles
a: Renounce Religion


You were on level 6 of the Dungeon.
You worshipped Hepliaklqana.
Hepliaklqana was noncommittal.
You visited 2 branches of the dungeon, and saw 7 of its levels.

You collected 274 gold pieces.

Inventory:

Hand Weapons
 a - a +2 dagger of speed (weapon)
Missiles
 u - 3 curare-tipped darts
Armour
 c - a +0 hat (worn)
 n - an orb of guile
Jewellery
 g - a ring of ice
 j - an amulet of faith
 o - a +6 ring of strength (left tentacle)
Talismans
 l - a maw talisman
Wands
 m - a wand of mindburst (15)
 q - a wand of flame (18)
Scrolls
 k - a scroll of teleportation
 p - 3 scrolls of amnesia
Potions
 b - 3 potions of curing
 e - a potion of invisibility
 f - a potion of lignification {unknown}
 h - a potion of brilliance
 i - 2 potions of berserk rage
 r - 2 potions of resistance
 s - 2 potions of haste
 t - a potion of might {unknown}
 v - a potion of cancellation {unknown}


   Skills:
 + Level 4.2 Fighting
 + Level 4.1 Dodging
 - Level 4.0 Stealth
 + Level 3.3 Unarmed Combat
 - Level 2.0 Spellcasting
 + Level 4.7 Conjurations
 - Level 4.0 Fire Magic
 + Level 3.0 Shapeshifting


You had 6 spell levels left.
You knew the following spells:

 Your Spells              Type           Power      Damage    Failure   Level
a - Foxfire               Conj/Fire      72%        2x1d7     2%          1
b - Searing Ray           Conj           38%        2d5       3%          2
c - Blink                 Tloc           2%         N/A       26%         2

Your spell library contained the following spells:

 Spells                   Type           Power      Damage    Failure   Level
 Momentum Strike          Conj/Tloc      20%        3d8       10%         2
 Static Discharge         Conj/Air       20%        3-4/arc   10%         2
 Lesser Beckoning         Tloc           2%         N/A       26%         2
 Sticky Flame             Conj/Fire      18%        2d4       28%         4
 Ignite Poison            Fire/Tmut/Pois 6%         N/A       30%         3


Dungeon Overview and Level Annotations

Branches:
Dungeon (6/15)             Temple (1/1) D:6

Altars:
Dithmenos
Elyvilon
Gozag
Hepliaklqana
Kikubaaqudgha
Nemelex Xobeh
Okawaru
Ru
Sif Muna
Vehumet
Xom

Shops:
D:2 [   D:4 (

Annotations:
D:3 Sigmund
D:4 exclusion: phantom
D:5 Edmund
D:6 Dowan


Innate Abilities, Weirdness & Mutations

You cannot wear most types of armour.
You are amphibious.
You can wear up to eight rings at the same time.
Your skin changes colour to match your surroundings (Stealth+).
Your rubbery body absorbs attacks. (AC +1, EV +1)
((You are camouflaged when in or above water. (Stealth+)))
You have tentacles for arms and can constrict up to eight enemies at once.


Message History

Okay, then.
Unknown command.
You are too confused!
You bump into the rock wall.
You feel less confused.
Casting: Searing Ray (safe; 3% risk of failure)
Confirm with . or Enter, or press ? or * to list all spells.
Aiming: Searing Ray (safe; 3% risk of failure)
Press: ? - help, Shift-Dir - straight line, f - steam dragon, p - orc wizard
Aim: a steam dragon (78% to hit)
The searing ray hits the orc wizard.
The orc wizard is almost dead.
The searing ray hits the orc wizard.
The orc wizard is heavily wounded.
The searing ray hits the steam dragon.
The steam dragon is lightly wounded. (Press . to maintain the ray.)
The searing ray hits the orc wizard.
You kill the orc wizard!
The searing ray hits the orc wizard.
The orc wizard is almost dead.
The searing ray hits the steam dragon.
The steam dragon is moderately wounded.
The orc wizard points at you and mumbles some strange words.
The magic dart hits you.
The searing ray hits the orc wizard!
You kill the orc wizard!
The searing ray misses the steam dragon.
The steam dragon breathes steam at you. The ball of steam hits you!
You hear a shout! x3
Unknown command.
You are engulfed in a cloud of scalding steam.
You hear a shout!
You are engulfed in a cloud of scalding steam.
* * * LOW HITPOINT WARNING * * *
As you read the scroll labelled LYCIMO GIXIOW, it crumbles to dust.
You feel strangely unstable.
It was a scroll of teleportation.
You are engulfed in a cloud of scalding steam.
You die...

## ###..+ +..# #....#...#
#.# #.≈ #≈## ####.....# #.#
#.≈ ≈≈ ##....#####.# .##
##......##.# # ###....##.#
####>##.# #.##.#
######################.##.#
#....D§§§§@§§...........#.#
##.###################.)#..
#..#.# #..#.# #..#.# #..#.#
# ########..#.#
#.#.....##..#.#
........'...#.#


There were no monsters in sight!

Vanquished Creatures
  Grinder (D:6)
  Eustachio (D:5)
  Duvessa (D:6)
  A lemure (D:6)
  A jelly (D:6)
  An orc priest (D:6)
  4 hounds
  2 sleepcaps (D:5)
  3 iguanas
  2 scorpion zombies (D:3)
  3 orc wizards
  Ijyb (D:4)
  6 adders
  4 gnolls (D:5)
  A worm (D:4)
  2 dart slugs
  6 orcs
  13 endoplasms
  3 giant cockroaches
  4 hobgoblins
  4 jackals (D:1)
  7 kobolds
  2 quokkas
  4 ball pythons
  3 ball python zombies (D:3)
  4 bats
  5 frilled lizards
  10 goblins
  2 quokka skeletons (D:3)
  6 rats
107 creatures vanquished.

Vanquished Creatures (others)
  79 foxfires
79 creatures vanquished.

Grand Total: 186 creatures vanquished

Notes
Turn   | Place    | Note
-------+----------+-------------------------------------------
     0 | D:1      | omnomnOMINOUS the Octopode Wanderer began the quest for the
                  | Orb.
     0 | D:1      | omnomnOMINOUS set off with the following items: a +0
                  | dagger, a potion of berserk rage, a +0 hat; and the
                  | following spell memorised: Foxfire; and the following
                  | spells available to memorise: Searing Ray, Static
                  | Discharge, Ignite Poison, Sticky Flame.
     0 | D:1      | Reached XP level 1. HP: 11/11 MP: 2/2
    55 | D:1      | Reached XP level 2. HP: 12/18 MP: 0/3
   217 | D:1      | Found a faded altar of an unknown god.
   299 | D:1      | Reached skill level 1 in Fighting
   381 | D:1      | Reached skill level 1 in Dodging
   404 | D:1      | Reached XP level 3. HP: 21/23 MP: 5/5
   931 | D:2      | Learned a level 2 spell: Searing Ray
   934 | D:2      | Learned a level 2 spell: Blink
  1097 | D:2      | Reached XP level 4. HP: 28/28 MP: 2/6
  1145 | D:2      | Found Xuutu's Antique Armour Boutique.
  1652 | D:3      | Reached XP level 5. HP: 28/34 MP: 4/8
  1980 | D:3      | Noticed Sigmund
  2327 | D:4      | Noticed a phantom
  2508 | D:4      | Reached skill level 1 in Unarmed Combat
  2518 | D:4      | Found Qifaod's Weapon Shop.
  2856 | D:4      | Noticed Ijyb
  2863 | D:4      | Reached skill level 1 in Shapeshifting
  2872 | D:4      | Killed Ijyb
  2873 | D:4      | Reached XP level 6. HP: 22/41 MP: 0/9
  3185 | D:5      | Entered Level 5 of the Dungeon
  3977 | D:5      | Noticed Eustachio
  3998 | D:5      | Killed Eustachio
  3999 | D:5      | Reached XP level 7. HP: 28/46 MP: 0/10
  4125 | D:5      | Noticed Edmund
  4965 | D:6      | Found a staircase to the Ecumenical Temple.
  4978 | Temple   | Entered the Ecumenical Temple
  4998 | Temple   | Became a worshipper of Hepliaklqana the Forgotten
  5167 | D:6      | Noticed Grinder
  5172 | D:6      | Noticed Dowan
  5177 | D:6      | Paralysed by Grinder for 3 turns
  5197 | D:6      | Killed Grinder
  5198 | D:6      | Reached XP level 8. HP: 7/54 MP: 1/11
  5496 | D:6      | Noticed Duvessa
  5508 | D:6      | Killed Duvessa
  5747 | D:6      | Engulfed by a steam dragon's steam

Illustrated notes

Levels and vault maps discovered:
D:1:      lightli_arrival_quake, layout_rooms,
          dreamdust_ecumenical_altar_statues, minmay_misc_feat_square
D:2:      layout_loops_ring, serial_shops, nicolae_shop_waterfront,
          grunt_ministairs_9
D:3:      layout_loops_ring, serial_undead, serial_undead_d, serial_undead_e,
          serial_undead_d, serial_undead_f, serial_undead_d, serial_undead_d,
          serial_undead_a, minmay_misc_feat_secret_circle, uniq_sigmund
D:4:      layout_rooms, serial_shops, shop, uniq_ijyb
D:5:      layout_loops_corners, uniq_edmund, uniq_eustachio
D:6:      layout_basic, slow_altar_2, kennysheep_mini_moat,
          minmay_temple_entry_proselytizer, uniq_duvessa, uniq_grinder,
          uniq_pikel
Temple:   hellmonk_temple_of_storms

Skill      XL: |  1  2  3  4  5  6  7  8 |
---------------+-------------------------+-----
Fighting       | 1 2 3 4 |  4.2
Dodging        | 1 2 3 4 |  4.1
Spellcasting   | 2 |  2.0
Conjurations   | 3 4 |  4.7
Unarmed Combat | 1 2 3 |  3.3
Shapeshifting  | 1 2 3 |  3.0
Stealth        | |  4.0
Fire Magic     | |  4.0

Action                     |  1- 3 |  4- 6 |  7- 9 || total
---------------------------+-------+-------+-------++-------
  Melee: Dagger            |    65 |       |    12 ||    77
         Tentacles         |    11 |    13 |     5 ||    29
         Constrict         |    15 |    16 |     4 ||    35
         Spear             |     4 |    44 |       ||    48
         Trident           |       |    43 |     6 ||    49
         Punch             |       |       |     1 ||     1
   Cast: Foxfire           |    20 |    23 |     1 ||    44
         Searing Ray       |       |    18 |    15 ||    33
    Use: Scroll            |       |       |     5 ||     5
         Potion            |       |       |     3 ||     3
   Stab: Sleeping          |     4 |    15 |       ||    19
 Armour: Skin              |    39 |    49 |    23 ||   111
  Dodge: Dodged            |    51 |    57 |    13 ||   121

Table legend: (Time is in decaauts)
 A = Elapsed time spent in this place.
 B = Non-inter-level travel time spent in this place.
 C = Inter-level travel time spent in this place.
 D = Time resting spent in this place.
 E = Time spent auto-exploring this place.
 F = Levels seen in this place.
 G = Mean time per level.
                   A        B        C        D        E       F      G
               +--------+--------+--------+--------+--------+-----+--------+
         Total |   5759 |   5538 |    221 |   1174 |   3333 |   7 |  822.7 |
       Dungeon |   5706 |   5523 |    183 |   1174 |   3321 |   6 |  951.0 |
        Temple |     52 |     14 |     38 |      0 |     12 |   1 |   52.0 |
               +--------+--------+--------+--------+--------+-----+--------+

Top non-repeatable levels by time:
     D:5: 1508 daAuts
     D:6: 999 daAuts
     D:4: 901 daAuts
     D:3: 871 daAuts
     D:2: 754 daAuts
     D:1: 672 daAuts
  Temple: 52 daAuts
